 Dungeon Crawl Stone Soup version 0.26-a0-291-g3d11bbfad5 (webtiles) character file.

Game seed: 16990493343100575368

193 BritishOli the Skirmisher (level 5, -1/42 HPs)
             Began as a Demonspawn Fighter on July 14, 2020.
             Slain by an orc priest
             ... wielding a +0 flail
              (3 damage)
             ... on level 3 of the Dungeon.
             The game lasted 00:03:45 (2929 turns).

BritishOli the Skirmisher (Demonspawn Fighter)      Turns: 2929, Time: 00:03:45

Health: -1/42      AC:  6    Str: 17    XL:     5   Next: 43%
Magic:  0/5        EV:  7    Int: 10    God:
Gold:   209        SH:  9    Dex: 12    Spells: 4/4 levels left

rFire    . . .     SeeInvis +   a - +0 long sword
rCold    + . .     Faith    .   c - +0 kite shield
rNeg     . . .     Spirit   +   b - +0 scale mail
rPois    .         Reflect  .   (no helmet)
rElec    .         Harm     .   (no cloak)
rCorr    .                      (no gloves)
MR       .....                  (no boots)
Stlth    ..........             f - amulet of regeneration
HPRegen  0.54/turn              h - ring of protection from cold
MPRegen  0.09/turn              n - ring of see invisible

@: no status effects
A: talons 2, magic shield
a: no special abilities


You were on level 3 of the Dungeon.
You visited 1 branch of the dungeon, and saw 4 of its levels.

You collected 209 gold pieces.

Inventory:

Hand Weapons
 a - a +0 long sword (weapon)
Missiles
 i - 6 boomerangs of dispersal (quivered)
Armour
 b - a +0 scale mail (worn)
 c - a +0 kite shield (worn)
Jewellery
 f - an amulet of regeneration (around neck)
 h - a ring of protection from cold (left hand)
 n - a ring of see invisible (right hand)
 o - an uncursed ring of protection from cold
Wands
 k - a wand of paralysis (10)
Scrolls
 g - 2 scrolls of identify {unknown}
 j - 2 scrolls of enchant weapon {unknown}
 q - a scroll of remove curse {unknown}
Potions
 d - a potion of might
 e - 2 potions of curing {unknown}
 l - 2 potions of heal wounds {unknown}
 m - a potion of lignification {unknown}
 p - a potion of ambrosia {unknown}
 r - a potion of stabbing {unknown}


   Skills:
 + Level 4.0 Fighting
 + Level 3.0 Long Blades
 + Level 3.6 Armour
 + Level 3.6 Shields


You had 4 spell levels left.
You didn't know any spells.
Your spell library was empty.

Dungeon Overview and Level Annotations

Branches:
Dungeon (4/15)
 Temple: D:4-7

Altars:
Sif Muna
Xom


Innate Abilities, Weirdness & Mutations

You have razor-sharp toenails.
When hurt, damage is shared between your health and your magic reserves.


Message History

The orc wizard points at you and mumbles some strange words.
The puff of frost hits you. You resist.
* * * LOW HITPOINT WARNING * * *
The orc wizard hits you but does no damage.
You block the orc priest's attack.
You closely miss the orc wizard.
The orc wizard hits you but does no damage.
The orc priest barely misses you.
You riposte.
You hit the orc priest. Your kick misses the orc priest.
The orc priest is lightly wounded.
The orc wizard begins to cast a cantrip, but forgets the words!
You closely miss the orc wizard. The orc wizard barely misses you.
You riposte.
You closely miss the orc wizard. Your kick misses the orc wizard.
The orc priest hits you but does no damage.
You closely miss the orc wizard.
The orc wizard points at you and mumbles some strange words.
The magic dart hits you.
* * * LOW HITPOINT WARNING * * *
The orc priest hits you with a +0 flail.
You die...

#.................#.........
#.................#.........
#.................'.....#'##
#.................#.#.#.#.#
#.................#)#...#.##
######'####.......#.#####.#.
#.....########.# #.#.
#####....o########.#####.#.
#...^..>.o@................
#.....).##########.#.....#.
#....................^^^...
#####'#.##########.#.^_^...
#.#'### #...^^.... #.....#
#......... #.....#
#.####....
#.....########.####....
#...........##.........


You could see an orc priest and an orc wizard.

Vanquished Creatures
  An orc priest (D:3)
  An orc wizard (D:3)
  A worker ant (D:4)
  3 adders
  2 worms
  2 leopard geckos
  13 orcs
  6 bats
  2 giant cockroaches (D:1)
  3 goblins
  8 hobgoblins
  A quokka (D:4)
  5 frilled lizards
  11 kobolds
  4 rats
63 creatures vanquished.

Notes
Turn   | Place    | Note
-------+----------+-------------------------------------------
     0 | D:1      | BritishOli the Demonspawn Fighter began the quest for the
                  | Orb.
     0 | D:1      | Reached XP level 1. HP: 18/18 MP: 1/1
   258 | D:1      | Gained mutation: You have sharp toenails. [demonic
                  | ancestry]
   258 | D:1      | Reached XP level 2. HP: 9/24 MP: 2/2
  1123 | D:2      | Gained mutation: You have razor-sharp toenails. [demonic
                  | ancestry]
  1123 | D:2      | Reached XP level 3. HP: 29/29 MP: 3/3
  1806 | D:3      | Found a shimmering blue altar of Sif Muna.
  1968 | D:3      | Gained mutation: When hurt, damage is shared between your
                  | health and your magic reserves. [demonic ancestry]
  1968 | D:3      | Reached XP level 4. HP: 34/37 MP: 4/4
  1988 | D:3      | Found a shimmering altar of Xom.
  2144 | D:3      | Reached XP level 5. HP: 30/42 MP: 5/5
  2783 | D:4      | Reached skill level 4 in Fighting
  2929 | D:3      | HP: 2/42 [orc wizard/magic dart (5)]
  2929 | D:3      | Slain by an orc priest

Illustrated notes

Levels and vault maps discovered:
D:1:      dpeg_arrival_boxes_within_box, layout_basic
D:2:      layout_loops_ring
D:3:      layout_basic, nicolae_overflow_crystal_walls, xom_teletrap_fun
D:4:      layout_rooms

Skill      XL: |  1  2  3  4  5 |
---------------+----------------+-----
Long Blades    | 2 3 |  3.0
Shields        | 3 |  3.6
Armour         | 3 |  3.6
Fighting       | 4 |  4.0

Action                   |  1- 3 |  4- 6 || total
-------------------------+-------+-------++-------
Melee: Long sword        |   140 |    87 ||   227
       Kick              |    25 |    20 ||    45
Armor: Scale mail        |    81 |    30 ||   111
Dodge: Dodged            |    48 |    32 ||    80
Block: Kite shield       |    81 |    47 ||   128
       Rpst.: Long sword |    19 |    12 ||    31

Table legend:
 A = Non-vault XP
 B = Vault XP
 C = Vault XP percentage of total XP
 D = Non-vault monster count
 E = Vault monster count
 F = Vault count percentage of total count
                 A         B        C        D         E       F
            +---------+---------+-------+---------+---------+-------
      Total |     276 |       0 |   0.0 |      63 |       0 |   0.0
            +---------+---------+-------+---------+---------+-------
        D:1 |      34 |       0 |   0.0 |      19 |       0 |   0.0
        D:2 |      30 |       0 |   0.0 |      10 |       0 |   0.0
        D:3 |     168 |       0 |   0.0 |      30 |       0 |   0.0
        D:4 |      44 |       0 |   0.0 |       4 |       0 |   0.0
            +---------+---------+-------+---------+---------+-------
